 Dungeon Crawl Stone Soup version 0.28-a0-1190-g77e1c55843 (webtiles) character file.

Game seed: 14556452550955716495

6545 Gargoyl the Fighter (level 11, -1/89 HPs)
             Began as a Gnoll Abyssal Knight on Dec 18, 2021.
             Was a Priest of Lugonu.
             Killed from afar by a gargoyle (18 damage)
             ... with a stone arrow
             ... on level 8 of the Dungeon.
             The game lasted 00:10:44 (9806 turns).

Gargoyl the Fighter (Gnoll Abyssal Knight)          Turns: 9806, Time: 00:10:45

Health: -1/89      AC: 15    Str: 17    XL:     11   Next: 1%
Magic:  20/20      EV: 13    Int:  9    God:    Lugonu [***...]
Gold:   48         SH:  0    Dex: 13    Spells: 22/22 levels left

rFire   . . .      SeeInvis +   h - +2 whip (elec)
rCold   . . .      Faith    .   (no shield)
rNeg    . . .      Spirit   .   k - +1 chain mail {Will+}
rPois   .          Reflect  .   (no helmet)
rElec   .          Harm     .   c - +1 cloak
rCorr   .          Rampage  .   q - +0 pair of gloves
Will    +....                   (no boots)
Stlth   ..........              (no amulet)
HPRegen 0.24/turn               e - +4 ring of evasion
MPRegen 0.17/turn               b - ring of flight

@: flying
A: fangs 1, strong nose, distributed training, see invisible, mutation
resistance 1
a: Renounce Religion, Depart the Abyss, Bend Space, Banish


You were on level 8 of the Dungeon.
You worshipped Lugonu.
Lugonu was most pleased with you.
You visited 1 branch of the dungeon, and saw 8 of its levels.
You visited the Abyss 1 time.

You collected 246 gold pieces.
You spent 198 gold pieces at shops.

Inventory:

Hand Weapons
 a - a +1 hand axe
 h - a +2 whip of electrocution (weapon)
 s - a +0 war axe
Missiles
 l - 64 poisoned darts
 w - a curare-tipped dart (quivered)
Armour
 c - a +1 cloak (worn)
 k - a +1 chain mail of willpower (worn)
 q - a +0 pair of gloves (worn)
Jewellery
 b - a ring of flight (right hand)
 e - a +4 ring of evasion (left hand)
 t - an amulet of the acrobat
Wands
 m - a wand of iceblast (19)
 v - a wand of flame (15)
Scrolls
 d - a scroll of blinking
 f - 2 scrolls of teleportation
Potions
 g - 3 potions of curing
 j - a potion of mutation
 n - 2 potions of flight
 o - a potion of lignification {unknown}
 p - a potion of brilliance
 r - a potion of cancellation
 x - a potion of heal wounds
 z - 2 potions of might


   Skills:
 + Level 9.1 Fighting
 + Level 6.1 Short Blades
 + Level 6.1 Long Blades
 + Level 7.7 Axes
 + Level 6.1 Maces & Flails
 + Level 6.1 Polearms
 + Level 6.1 Staves
 + Level 6.1 Slings
 + Level 6.1 Bows
 + Level 6.1 Crossbows
 + Level 6.1 Throwing
 + Level 7.7 Armour
 + Level 6.7 Dodging
 + Level 6.1 Stealth
 + Level 6.1 Shields
 + Level 6.1 Unarmed Combat
 + Level 6.1 Spellcasting
 + Level 5.0 Conjurations
 + Level 5.0 Hexes
 + Level 5.0 Summonings
 + Level 5.0 Necromancy
 + Level 5.0 Translocations
 + Level 5.0 Transmutations
 + Level 5.0 Fire Magic
 + Level 5.0 Ice Magic
 + Level 5.0 Air Magic
 + Level 5.0 Earth Magic
 + Level 5.0 Poison Magic
 + Level 8.2 Invocations
 + Level 6.1 Evocations


You had 22 spell levels left.
You didn't know any spells.
Your spell library contained the following spells:

 Spells                   Type           Power      Damage    Failure   Level
 Sting                    Tmut/Pois      44%        1d5       30%         1
 Blink                    Tloc           22%        N/A       41%         2
 Poisonous Vapours        Pois/Air       22%        N/A       41%         2
 Lesser Beckoning         Tloc           11%        N/A       65%         3
 Tukima's Dance           Hex            11%        N/A       65%         3
 Olgreb's Toxic Radiance  Pois           11%        N/A       96%         4
 Passage of Golubria      Tloc           11%        N/A       96%         4
 Manifold Assault         Tloc           11%        N/A       100%        5
 Yara's Violent Unravell  Hex/Tmut       5%         3d4       100%        5


Dungeon Overview and Level Annotations

Branches:
Dungeon (8/15)             Temple (0/1) D:4
   Lair: D:8-11

Altars:
Cheibriados
Hepliaklqana
Makhleb
Qazlal
Uskayaw
Vehumet
Xom

Shops:
D:5 [[


Innate Abilities, Weirdness & Mutations

You have very sharp teeth.
Your uncanny sense of smell can sniff out nearby items.
Your experience applies equally to all skills.
You have supernaturally acute eyesight. (SInv)
You are somewhat resistant to further mutation.


Message History

You hit the gargoyle but do no damage. You hit the gargoyle.
The gargoyle is lightly damaged.
The gargoyle closely misses you.
You whack the gargoyle!
The gargoyle is heavily damaged.
The gargoyle misses you.
You hit the gargoyle but do no damage.
The gargoyle is heavily damaged.
The gargoyle hits you with a +7 quarterstaff!
You hit the gargoyle but do no damage.
The gargoyle is moderately damaged.
The gargoyle hits you with a +7 quarterstaff.
Unknown command.
You hit the gargoyle.
The gargoyle is heavily damaged.
You hit the gargoyle but do no damage. Your bite misses the gargoyle.
The gargoyle is heavily damaged.
The gargoyle hits you with a +7 quarterstaff!
You hit the gargoyle.
The gargoyle is heavily damaged.
The gargoyle hits you with a +7 quarterstaff.
You hit the gargoyle but do no damage.
The gargoyle is heavily damaged.
The gargoyle hits you but does no damage.
You hit the gargoyle but do no damage.
The gargoyle is heavily damaged.
The gargoyle hits you with a +7 quarterstaff.
You hit the gargoyle. Your punch misses the gargoyle.
The gargoyle is heavily damaged.
You barely miss the gargoyle.
The gargoyle is heavily damaged.
The gargoyle hurls a stone arrow at you.
The stone arrow hits you!
* * * LOW HITPOINT WARNING * * *
You hit the gargoyle but do no damage.
The gargoyle is heavily damaged.
The gargoyle hurls a stone arrow at you.
The stone arrow hits you!!
You die...

#.##§§§##
#<.#§§§#
#..#§§§#
#..#§§§#
#..#§§§# ##
#§§§#
#####§§§#####
#...9§§§§...#
#.8.@§#..._.#
#........)..#
#####...#####
#...# #._.#
#...# #####


You could see a gargoyle.

Vanquished Creatures
  Pikel (D:4)
  Menkaure (D:7)
  A steam dragon (D:7)
  Edmund (D:4)
  A water moccasin (D:6)
  3 sky beasts
  An ice beast (D:5)
  A hornet zombie (D:7)
  3 orc warriors
  A centaur (D:7)
  An ogre (D:5)
  A lemure (D:5)
  2 kobold brigands (D:7)
  A scorpion (D:4)
  5 killer bees (D:8)
  A bullfrog zombie (D:5)
  A centaur skeleton (D:6)
  2 centaur zombies
  2 gnoll shamans (D:7)
  5 hounds
  2 jellies
  3 orc priests
  A bullfrog skeleton (D:7)
  Crazy Yiuf (D:5)
  Jessica (D:2)
  An iguana (D:5)
  5 orc wizards
  8 gnolls (D:7)
  2 adders
  2 shadow imps (D:6)
  3 white imps (D:6)
  3 worms
  31 orcs
  An endoplasm (D:1)
  2 giant cockroaches (D:1)
  6 goblins
  4 hobgoblins
  2 jackals (D:3)
  A quokka (D:3)
  8 ball pythons
  4 bats
  2 frilled lizards
  12 kobolds
  3 rats
143 creatures vanquished.

Vanquished Creatures (collateral kills)
  An orc (D:4)
1 creature vanquished.

Grand Total: 144 creatures vanquished

Notes
Turn   | Place    | Note
-------+----------+-------------------------------------------
     0 | Abyss:1  | Gargoyl the Gnoll Abyssal Knight began the quest for the
                  | Orb.
     0 | Abyss:1  | Reached XP level 1. HP: 23/23 MP: 3/3
    45 | Abyss:2  | Noticed an ancient zyme
   100 | Abyss:3  | Noticed a dire elephant zombie
   120 | Abyss:4  | Noticed a will-o-the-wisp
   120 | D:1      | Escaped the Abyss
   287 | D:1      | You fall into a shaft and drop 1 floor!
   291 | D:2      | Reached XP level 2. HP: 29/29 MP: 5/5
   326 | D:2      | Noticed Jessica
   332 | D:2      | Killed Jessica
   332 | D:2      | Reached * piety under Lugonu
   333 | D:2      | Reached XP level 3. HP: 35/35 MP: 6/6
  1058 | D:2      | Found a hide-covered altar of Uskayaw.
  1201 | D:2      | Reached skill level 1 in Short Blades
  1201 | D:2      | Reached skill level 1 in Long Blades
  1201 | D:2      | Reached skill level 1 in Maces & Flails
  1201 | D:2      | Reached skill level 1 in Polearms
  1201 | D:2      | Reached skill level 1 in Staves
  1201 | D:2      | Reached skill level 1 in Slings
  1201 | D:2      | Reached skill level 1 in Bows
  1201 | D:2      | Reached skill level 1 in Crossbows
  1201 | D:2      | Reached skill level 1 in Throwing
  1201 | D:2      | Reached skill level 1 in Stealth
  1201 | D:2      | Reached skill level 1 in Shields
  1201 | D:2      | Reached skill level 1 in Unarmed Combat
  1201 | D:2      | Reached skill level 1 in Spellcasting
  1201 | D:2      | Reached skill level 1 in Evocations
  1201 | D:2      | Reached XP level 4. HP: 41/41 MP: 7/7
  1451 | D:3      | Found a faded altar of an unknown god.
  1679 | D:3      | Found a burning altar of Makhleb.
  1747 | D:3      | Reached ** piety under Lugonu
  1971 | D:4      | Reached skill level 1 in Conjurations
  1971 | D:4      | Reached skill level 1 in Hexes
  1971 | D:4      | Reached skill level 1 in Summonings
  1971 | D:4      | Reached skill level 1 in Necromancy
  1971 | D:4      | Reached skill level 1 in Translocations
  1971 | D:4      | Reached skill level 1 in Transmutations
  1971 | D:4      | Reached skill level 1 in Fire Magic
  1971 | D:4      | Reached skill level 1 in Ice Magic
  1971 | D:4      | Reached skill level 1 in Air Magic
  1971 | D:4      | Reached skill level 1 in Earth Magic
  1971 | D:4      | Reached skill level 1 in Poison Magic
  2016 | D:4      | Reached XP level 5. HP: 47/47 MP: 8/8
  2784 | D:4      | Reached skill level 5 in Invocations
  2784 | D:4      | Reached XP level 6. HP: 31/53 MP: 9/9
  3126 | D:4      | Noticed a sky beast
  3151 | D:4      | Killed a sky beast
  3152 | D:4      | Reached skill level 5 in Axes
  3152 | D:4      | Reached skill level 5 in Armour
  3365 | D:4      | Found a staircase to the Ecumenical Temple.
  3404 | D:5      | Entered Level 5 of the Dungeon
  3504 | D:5      | Gained mutation: You passively map a small area around you.
                  | [potion of mutation]
  3504 | D:5      | Gained mutation: Armour fits poorly on your strangely
                  | shaped body. [potion of mutation]
  3504 | D:5      | Gained mutation: You passively map the area around you.
                  | [potion of mutation]
  3505 | D:5      | Lost mutation: Armour fits poorly on your strangely shaped
                  | body. [potion of mutation]
  3505 | D:5      | Lost mutation: You passively map the area around you.
                  | [potion of mutation]
  3505 | D:5      | Lost mutation: You passively map a small area around you.
                  | [potion of mutation]
  3505 | D:5      | Gained mutation: Your magical capacity is low. (-10% MP)
                  | [potion of mutation]
  3505 | D:5      | Gained mutation: Your spells are a little easier to cast,
                  | but a little less powerful. [potion of mutation]
  3505 | D:5      | Lost mutation: Your spells are a little easier to cast, but
                  | a little less powerful. [potion of mutation]
  3506 | D:5      | Lost mutation: Your magical capacity is low. (-10% MP)
                  | [potion of mutation]
  3506 | D:5      | Gained mutation: You have supernaturally acute eyesight.
                  | (SInv) [potion of mutation]
  3506 | D:5      | Gained mutation: You are somewhat resistant to further
                  | mutation. [potion of mutation]
  3543 | D:5      | Found Tikkop's Armour Boutique.
  3581 | D:5      | Found a radiant altar of Vehumet.
  3742 | D:5      | Found Qashreo's Antique Armour Shoppe.
  3792 | D:5      | Noticed Pikel
  3795 | D:5      | Noticed Edmund
  3847 | D:4      | Killed Pikel
  3848 | D:4      | Reached skill level 7 in Fighting
  3848 | D:4      | Reached XP level 7. HP: 24/60 MP: 9/11
  3848 | D:4      | Reached XP level 8. HP: 27/67 MP: 9/12
  4057 | D:4      | Killed Edmund
  4368 | D:5      | Found a snail-covered altar of Cheibriados.
  5049 | D:5      | Found a runed translucent door.
  5050 | D:5      | Noticed Crazy Yiuf
  5298 | D:5      | Killed Crazy Yiuf
  6172 | D:7      | Reached XP level 9. HP: 54/72 MP: 14/14
  6253 | D:6      | Noticed Menkaure
  6701 | D:7      | Killed Menkaure
  7023 | D:6      | Reached skill level 5 in Dodging
  7052 | D:6      | Found a stormy altar of Qazlal.
  7187 | D:5      | Bought a +1 chain mail of willpower for 198 gold pieces
  7693 | D:6      | Reached skill level 8 in Fighting
  7822 | D:7      | Reached *** piety under Lugonu
  9344 | D:8      | Reached skill level 9 in Fighting
  9344 | D:8      | Reached skill level 5 in Conjurations
  9344 | D:8      | Reached skill level 5 in Hexes
  9344 | D:8      | Reached skill level 5 in Summonings
  9344 | D:8      | Reached skill level 5 in Necromancy
  9344 | D:8      | Reached skill level 5 in Translocations
  9344 | D:8      | Reached skill level 5 in Transmutations
  9344 | D:8      | Reached skill level 5 in Fire Magic
  9344 | D:8      | Reached skill level 5 in Ice Magic
  9344 | D:8      | Reached skill level 5 in Air Magic
  9344 | D:8      | Reached skill level 5 in Earth Magic
  9344 | D:8      | Reached skill level 5 in Poison Magic
  9344 | D:8      | Reached XP level 10. HP: 83/83 MP: 16/19
  9369 | D:8      | Found a shimmering altar of Xom.
  9412 | D:8      | Reached XP level 11. HP: 49/89 MP: 20/20
  9788 | D:8      | Found a faded altar of an unknown god.
  9790 | D:8      | Found a hazy altar of Hepliaklqana.
  9806 | D:8      | Killed from afar by a gargoyle

Illustrated notes

Levels and vault maps discovered:
D:1:      dpeg_arrival_stone_temple_mockup, layout_rooms
D:2:      layout_rooms, basic_altar, minmay_hedge_maze,
          nicolae_figureground_pulse, uniq_jessica
D:3:      layout_rooms, mainiacjoe_overflow_chevrons,
          dreamdust_ecumenical_altar_grove, minmay_vboxes
D:4:      layout_loops_ring, minmay_temple_entry_antechambers,
          minmay_quadrilaterals
D:5:      layout_loops_ring, mainiacjoe_overflow_surrounded_room,
          fiery_altar_vehumet, serial_shops, nicolae_shop_crystal,
          kennysheep_mini, uniq_crazy_yiuf_cottage, uniq_edmund, uniq_pikel
D:6:      cheibrodos_quashed, layout_basic, mainiacjoe_overflow_small_starburst,
          uniq_menkaure
D:7:      layout_basic
D:8:      layout_basic, mainiacjoe_overflow_alcove_1, okawaru_ov_weapons_minmay,
          beargit_hepliaklqana_dungeon_heroes, lair_entry_dummy, serial_glass,
          glass_columns_a, glass_columns_b

Skill      XL: |  1  2  3  4  5  6  7  8  9 |
---------------+----------------------------+-----
Short Blades   | 1 2 3 6 |  6.1
Long Blades    | 1 2 3 6 |  6.1
Maces & Flails | 1 2 3 6 |  6.1
Polearms       | 1 2 3 6 |  6.1
Staves         | 1 2 3 6 |  6.1
Slings         | 1 2 3 6 |  6.1
Bows           | 1 2 3 6 |  6.1
Crossbows      | 1 2 3 6 |  6.1
Throwing       | 1 2 3 6 |  6.1
Stealth        | 1 2 3 6 |  6.1
Shields        | 1 2 3 6 |  6.1
Unarmed Combat | 1 2 3 6 |  6.1
Spellcasting   | 1 2 3 6 |  6.1
Evocations     | 1 2 3 6 |  6.1
Conjurations   | 1 2 3 5 |  5.0
Hexes          | 1 2 3 5 |  5.0
Summonings     | 1 2 3 5 |  5.0
Necromancy     | 1 2 3 5 |  5.0
Translocations | 1 2 3 5 |  5.0
Transmutations | 1 2 3 5 |  5.0
Fire Magic     | 1 2 3 5 |  5.0
Ice Magic      | 1 2 3 5 |  5.0
Air Magic      | 1 2 3 5 |  5.0
Earth Magic    | 1 2 3 5 |  5.0
Poison Magic   | 1 2 3 5 |  5.0
Dodging        | 3 4 6 |  6.7
Invocations    | 5 6 8 |  8.2
Axes           | 5 6 7 |  7.7
Armour         | 5 6 7 |  7.7
Fighting       | 7 9 |  9.1

Action                   |  1- 3 |  4- 6 |  7- 9 | 10-12 || total
-------------------------+-------+-------+-------+-------++-------
Melee: Hand axe          |    68 |   160 |   279 |       ||   507
       Bite              |     5 |    22 |    51 |     1 ||    79
       Punch             |       |     2 |     6 |     1 ||     9
       Whip              |       |    58 |   177 |    57 ||   292
Invok: Depart the Abyss  |     1 |       |       |       ||     1
Evoke: Wand              |       |       |     3 |       ||     3
  Use: Scroll            |     3 |     7 |     5 |       ||    15
       Potion            |     1 |     5 |     5 |       ||    11
Armor: Leather armour    |    14 |       |       |       ||    14
       Scale mail        |     9 |    65 |     1 |       ||    75
       Plate armour      |       |       |    97 |       ||    97
       Chain mail        |       |       |   140 |    24 ||   164
Dodge: Dodged            |    55 |   156 |   314 |    35 ||   560

Table legend: (Time is in decaauts)
 A = Elapsed time spent in this place.
 B = Non-inter-level travel time spent in this place.
 C = Inter-level travel time spent in this place.
 D = Time resting spent in this place.
 E = Time spent auto-exploring this place.
 F = Levels seen in this place.
 G = Mean time per level.
                   A        B        C        D        E       F      G
               +--------+--------+--------+--------+--------+-----+--------+
         Total |   9800 |   9461 |    339 |   2343 |   5301 |  12 |  816.7 |
       Dungeon |   9679 |   9340 |    339 |   2343 |   5225 |   8 | 1209.9 |
         Abyss |    120 |    120 |      0 |      0 |     76 |   4 |   30.0 |
               +--------+--------+--------+--------+--------+-----+--------+

Top non-repeatable levels by time:
     D:7: 2556 daAuts
     D:5: 2019 daAuts
     D:4: 2018 daAuts
     D:6: 754 daAuts
     D:2: 724 daAuts
     D:1: 582 daAuts
     D:8: 529 daAuts
     D:3: 496 daAuts
 Abyss:2: 55 daAuts
 Abyss:3: 38 daAuts
 Abyss:4: 15 daAuts
 Abyss:1: 10 daAuts
